 Dungeon Crawl Stone Soup version 0.20.1-1-g8b1a95d (webtiles) character file.

8778 theAP the Geomancer (level 11, -1/68 HPs)
             Began as a Gargoyle Earth Elementalist on Sept 8, 2017.
             Was an Elder of Sif Muna.
             Slain by an unseen horror (7 damage)
             ... on level 10 of the Dungeon.
             The game lasted 00:32:38 (10527 turns).

theAP the Geomancer (Gargoyle Earth Elementalist)  Turns: 10527, Time: 00:32:39

Health: -1/68      AC: 15    Str: 14    XL:     11   Next: 36%
Magic:  22/32      EV: 12    Int: 20    God:    Sif Muna [****..]
Gold:   470        SH:  8    Dex: 10    Spells: 15/27 levels left

rFire    . . .     SeeInvis .   v - staff of wizardry
rCold    . . .     Gourm    .   (no shield)
rNeg     + . .     Faith    .   c - +1 robe
rPois    ∞         Spirit   .   x - +2 hat of the Arcane {Str+3}
rElec    +         Reflect  +   r - +0 cloak
rCorr    .         Harm     .   y - +0 pair of gloves
MR       .....                  F - +0 pair of boots
Stlth    ++........             E - brooch of Shielding {Reflect SH+8}
Regen    0.3/turn               k - ring of magical power
MPRegen  0.3/turn               g - ring of flight

@: no status effects
A: negative energy resistance 1, electricity resistance, unbreathing,
petrification resistance, rot immunity, AC +7
a: Divine Energy, Channel Magic, Forget Spell, Renounce Religion, Evoke Flight


You were on level 10 of the Dungeon.
You worshipped Sif Muna.
Sif Muna was greatly pleased with you.
You were hungry.

You visited 1 branch of the dungeon, and saw 10 of its levels.

You collected 470 gold pieces.

Inventory:

Hand Weapons
 f - a +0 whip of flaming
Missiles
 b - 241 stones (quivered)
Armour
 c - a +1 robe (worn)
 r - a +0 cloak (worn)
 x - the +2 hat of the Arcane (worn) {Str+3}
   (You found it on level 4 of the Dungeon)

   It affects your strength (+3).
 y - a +0 pair of gloves (worn)
 C - a +1 hat
 F - a +0 pair of boots (worn)
 K - a +2 shield
Magical Staves
 v - an uncursed staff of wizardry (weapon)
Jewellery
 g - a ring of flight (right hand)
 k - a ring of magical power (left hand)
 E - the brooch of Shielding (around neck) {Reflect SH+8}
   (You found it on level 8 of the Dungeon)

   [amulet of reflection]

   It shields you and reflects attacks.
   It affects your SH (+8).
Wands
 h - a wand of polymorph (11/24)
 L - a wand of iceblast (11/15)
Scrolls
 i - 3 scrolls of remove curse
 s - 2 scrolls of immolation
 B - a scroll of recharging
 J - a scroll of magic mapping
Potions
 a - a potion of haste
 j - 3 potions of might
 l - 3 potions of cancellation
 o - 2 potions of curing
 p - a potion of ambrosia
 q - 4 potions of resistance
 t - 2 potions of lignification
 u - a potion of degeneration {unknown}
 w - a potion of mutation {unknown}
 D - 3 potions of brilliance
 H - a potion of flight
Books
 e - a book of Geomancy

   Spells                             Type                      Level
   a - Sandblast                      Earth                        1
   b - Passwall                       Transmutation/Earth          2
   c - Stone Arrow                    Conjuration/Earth            3
   d - Petrify                        Transmutation/Earth          4
   e - Lee's Rapid Deconstruction     Earth                        5
 n - a book of Maledictions

   Spells                             Type                      Level
   a - Corona                         Hexes                        1
   b - Ensorcelled Hibernation        Hexes/Ice                    2
   c - Confuse                        Hexes                        3
   d - Tukima's Dance                 Hexes                        3
   e - Dazzling Spray                 Conjuration/Hexes            3
 A - a book of Conjurations

   Spells                             Type                      Level
   a - Magic Dart                     Conjuration                  1
   b - Searing Ray                    Conjuration                  2
   c - Dazzling Spray                 Conjuration/Hexes            3
   d - Fulminant Prism                Conjuration/Hexes            4
   e - Force Lance                    Conjuration/Translocation    4
   f - Iskenderun's Mystic Blast      Conjuration                  4
 G - a book of Misfortune

   Spells                             Type                      Level
   a - Confusing Touch                Hexes                        1
   b - Confuse                        Hexes                        3
   c - Gell's Gravitas                Translocation                3
   d - Petrify                        Transmutation/Earth          4
   e - Metabolic Englaciation         Hexes/Ice                    5
   f - Yara's Violent Unravelling     Hexes/Transmutation          5
 I - a book of Misfortune

   Spells                             Type                      Level
   a - Confusing Touch                Hexes                        1
   b - Confuse                        Hexes                        3
   c - Gell's Gravitas                Translocation                3
   d - Petrify                        Transmutation/Earth          4
   e - Metabolic Englaciation         Hexes/Ice                    5
   f - Yara's Violent Unravelling     Hexes/Transmutation          5
Comestibles
 d - 9 bread rations
 z - 4 meat rations


   Skills:
 + Level 7.9 Fighting
 - Level 1.5 Dodging
 - Level 2.1 Stealth
 + Level 8.5 Spellcasting
 + Level 9.5 Conjurations
 - Level 3.1 Hexes
   Level 0.7 Transmutations
 + Level 11.1 Earth Magic


You had 15 spell levels left.
You knew the following spells:

 Your Spells              Type           Power        Failure   Level  Hunger
a - Sandblast             Erth           ######       1%          1    None
b - Stone Arrow           Conj/Erth      ######       1%          3    None
c - Confuse               Hex            ###.....     2%          3    None
d - Lee's Rapid Deconstr  Erth           ######....   1%          5    #####..


Dungeon Overview and Level Annotations

Branches:
Dungeon (10/15)            Temple (0/1) D:5            Lair (0/6) D:9
    Orc: D:9-12

Altars:
Cheibriados
Nemelex Xobeh
Okawaru
Qazlal
Sif Muna
Xom
Yredelemnul
Zin


Innate Abilities, Weirdness & Mutations

You are resistant to torment.
Your stone body is resilient. (AC +7)
You are immune to poison.
You resist negative energy. (rN+)
You are resistant to electric shocks. (rElec)
You can survive without breathing.
You are immune to petrification.
You are immune to rotting.


Message History

Something hits you. Something hits you but does no damage.
Something hits you but does no damage. Something hits you. Something hits you.
Something hits you.
* * * LOW HITPOINT WARNING * * *
Something hits you but does no damage. Something barely misses you.
Something hits you but does no damage. Something hits you.
* * * LOW HITPOINT WARNING * * *
Something hits you but does no damage. You block something's attack.
Something hits you!
* * * LOW HITPOINT WARNING * * *
Something hits you.
* * * LOW HITPOINT WARNING * * *
Something hits you!
You die...

#.# #.. ###### ##.# #...
##....## #..## #...#
#......# #...# ...#
#......## ##...# ..#
#.......## #....# .#
##.......## ##....# .#
#..÷.....#####....## .##
#..).....@.......## ..#
##....#........<.# ..##
#...######.....## ...#
#....# ####### ...# ##)...##
####### ...#
##......#######.....#####
..##
##.......................###
.##
#...........................
##
#........#######........####


There were no monsters in sight!

Vanquished Creatures
  3 two-headed ogres
  The ghost of vatarom the Merchant of Misery, a novice DsNe of Kikubaaqudgha (D:8)
  An unseen horror (D:9)
  A troll (D:6)
  Sigmund (D:4)
  A hippogriff (D:10)
  A vampire (D:9)
  A hungry ghost (D:7)
  The ghost of Rhok the Chopper, an amateur OpFi (D:4)
  2 hell hounds (D:9)
  Duvessa (D:4)
  A water moccasin (D:10)
  An orc warrior (D:6)
  2 sky beasts
  2 necrophages
  An ice beast (D:10)
  2 phantoms (D:7)
  An eye of draining (D:10)
  7 ogres
  6 centaurs
  A crocodile (D:7)
  6 bullfrogs
  2 scorpions
  Dowan (D:4)
  10 wights
  2 howler monkeys (D:9)
  2 electric eels (D:6)
  5 crimson imps
  A bullfrog zombie (D:7)
  4 orc priests
  2 bullfrog skeletons
  5 hounds
  11 orc wizards
  2 centaur skeletons
  2 iguanas
  9 worker ants
  2 worker ant zombies
  A howler monkey skeleton (D:6)
  5 gnolls
  8 adders
  4 shadow imps
  An adder skeleton (D:5)
  4 worms
  4 dart slugs
  A leopard gecko (D:4)
  35 orcs
  4 giant cockroaches
  5 goblins
  5 hobgoblins
  10 jackals
  3 quokkas
  2 ball pythons
  6 bats
  3 frilled lizards
  12 kobolds
  A leopard gecko zombie (D:5)
  6 rats
224 creatures vanquished.

Vanquished Creatures (others)
  A centaur (D:5)
  An orc (D:6)
2 creatures vanquished.

Grand Total: 226 creatures vanquished

Notes
Turn   | Place    | Note
-------+----------+-------------------------------------------
     0 | D:1      | theAP the Gargoyle Earth Elementalist began the quest for the Orb.
     0 | D:1      | Reached XP level 1. HP: 10/10 MP: 3/3
   139 | D:1      | Reached skill level 4 in Earth Magic
   139 | D:1      | Reached XP level 2. HP: 15/15 MP: 3/5
   894 | D:2      | Reached XP level 3. HP: 16/19 MP: 7/7
   929 | D:2      | Learned a level 3 spell: Stone Arrow
  1057 | D:2      | Learned a level 3 spell: Confuse
  1106 | D:2      | Found a faded altar of an unknown god.
  1168 | D:2      | Reached XP level 4. HP: 24/24 MP: 8/8
  1334 | D:2      | Found a stormy altar of Qazlal.
  1334 | D:2      | Found an iron altar of Okawaru.
  1400 | D:3      | Reached skill level 1 in Conjurations
  1490 | D:3      | Reached skill level 5 in Earth Magic
  1756 | D:3      | Reached XP level 5. HP: 19/28 MP: 9/9
  1977 | D:3      | Noticed an angel
  1978 | D:3      | Found a shimmering altar of Xom.
  1979 | D:3      | Found a glowing silver altar of Zin.
  2164 | D:4      | Noticed Rhok's ghost (amateur OpFi)
  2305 | D:4      | Noticed Sigmund
  2309 | D:4      | Killed Sigmund
  2309 | D:4      | Reached skill level 6 in Earth Magic
  2309 | D:4      | Reached XP level 6. HP: 32/32 MP: 6/12
  2402 | D:4      | Got a pitted hat
  2408 | D:4      | Identified the +2 hat of the Arcane {Str+3} (You found it on level 4 of the Dungeon)
  2524 | D:4      | Killed Rhok's ghost
  2524 | D:4      | Reached XP level 7. HP: 36/36 MP: 7/13
  2531 | D:4      | Noticed Duvessa
  2682 | D:4      | Reached skill level 1 in Hexes
  2793 | D:5      | Entered Level 5 of the Dungeon
  3114 | D:4      | Noticed Dowan
  3119 | D:4      | Killed Dowan
  3176 | D:4      | Killed Duvessa
  3176 | D:4      | Reached skill level 7 in Earth Magic
  3289 | D:4      | Reached XP level 8. HP: 40/41 MP: 15/15
  3411 | D:5      | Learned a level 5 spell: Lee's Rapid Deconstruction
  3428 | D:5      | Reached skill level 5 in Conjurations
  3592 | D:5      | Reached skill level 5 in Spellcasting
  3750 | D:5      | Found a deep blue altar of Sif Muna.
  3766 | D:5      | Became a worshipper of Sif Muna the Loreminder
  3779 | D:5      | Found a staircase to the Ecumenical Temple.
  3886 | D:5      | Found a stormy altar of Qazlal.
  4384 | D:6      | Reached skill level 1 in Fighting
  4384 | D:6      | Reached skill level 8 in Earth Magic
  4834 | D:6      | Reached XP level 9. HP: 42/48 MP: 17/17
  4836 | D:6      | Reached * piety under Sif Muna
  5403 | D:6      | Noticed a troll
  5406 | D:6      | Killed a troll
  6003 | D:7      | Reached skill level 9 in Earth Magic
  6342 | D:7      | Found a basalt altar of Yredelemnul.
  6393 | D:7      | Reached ** piety under Sif Muna
  6930 | D:7      | Found a snail-covered altar of Cheibriados.
  7146 | D:7      | Reached XP level 10. HP: 58/58 MP: 2/20
  7289 | D:8      | Reached skill level 5 in Fighting
  7853 | D:8      | Noticed vatarom's ghost (novice DsNe)
  7859 | D:8      | Killed vatarom's ghost
  8334 | D:9      | Reached skill level 10 in Earth Magic
  8340 | D:9      | Found a staircase to the Lair.
  8601 | D:9      | Found a sparkling altar of Nemelex Xobeh.
  8624 | D:9      | Reached *** piety under Sif Muna
  8927 | D:9      | Noticed a two-headed ogre
  8933 | D:9      | Killed a two-headed ogre
  9078 | D:10     | Entered Level 10 of the Dungeon
  9106 | D:9      | Killed an unseen horror
  9342 | D:9      | Reached XP level 11. HP: 61/67 MP: 22/23
 10116 | D:10     | Noticed a two-headed ogre
 10186 | D:10     | Killed a two-headed ogre
 10186 | D:10     | Reached skill level 11 in Earth Magic
 10187 | D:10     | Noticed a two-headed ogre
 10197 | D:10     | Killed a two-headed ogre
 10493 | D:10     | Reached **** piety under Sif Muna
 10497 | D:10     | Noticed a two-headed ogre
 10527 | D:10     | Slain by an unseen horror

Skill      XL: |  1  2  3  4  5  6  7  8  9 10 11 |
---------------+----------------------------------+-----
Earth Magic    | 4 5 6 7 8 9 10 11 | 11.1
Conjurations   | 1 3 4 6 7 9 |  9.5
Spellcasting   | 3 4 5 6 8 |  8.5
Hexes          | 2 3 |  3.1
Fighting       | 2 4 7 |  7.9
Dodging        | |  1.5
Stealth        | |  2.1
Transmutations | |  0.7

Action                   |  1- 3 |  4- 6 |  7- 9 | 10-12 || total
-------------------------+-------+-------+-------+-------++-------
Melee: Whip              |     1 |       |       |       ||     1
       Unarmed           |     1 |       |       |       ||     1
       Staff             |       |       |     8 |    44 ||    52
 Cast: Sandblast         |    47 |    69 |    22 |       ||   138
       Stone Arrow       |       |     7 |   158 |   159 ||   324
       Confuse           |       |       |     7 |     1 ||     8
       Lee's Rapid Decon |       |       |       |     1 ||     1
  Use: Scroll            |     2 |     6 |     9 |     6 ||    23
       Potion            |       |       |     1 |     3 ||     4
  Eat: Chunk             |     1 |     5 |    11 |     6 ||    23
       Royal jelly       |       |       |     2 |     1 ||     3
       Fruit             |       |       |     3 |       ||     3
       Bread ration      |       |       |     1 |       ||     1
Armor: Robe              |     5 |     9 |    17 |    91 ||   122
Dodge: Dodged            |    18 |    14 |    21 |    35 ||    88
Block: Other             |       |       |       |    28 ||    28
